 Dungeon Crawl Stone Soup version 0.26-a0-651-gb41185065b (webtiles) character file.

Game seed: 14474203375669091974

19 kae the Ruffian (level 2, -4/25 HPs)
             Began as a Naga Transmuter on Oct 30, 2020.
             Slain by a hobgoblin
             ... wielding a cursed -1 club
              (6 damage)
             ... on level 1 of the Dungeon.
             The game lasted 00:00:35 (1350 turns).

kae the Ruffian (Naga Transmuter)                   Turns: 1350, Time: 00:00:35

Health: -4/25      AC:  1    Str: 12    XL:     2   Next: 75%
Magic:  4/5        EV: 10    Int: 13    God:
Gold:   44         SH:  0    Dex: 11    Spells: 4/5 levels left

rFire    . . .     SeeInvis +     - Unarmed
rCold    . . .     Faith    .   (no shield)
rNeg     . . .     Spirit   .   a - +0 robe
rPois    +         Reflect  .   (helmet currently unavailable)
rElec    .         Harm     .   (no cloak)
rCorr    .         Rampage  .   (no gloves)
MR       .....                  (no barding)
Stlth    +.........             (no amulet)
HPRegen  0.08/turn              (no ring)
MPRegen  0.09/turn              (no ring)

@: appendages, very slow
A: large, horns 2, see invisible, deformed body, poison resistance, slowness 2,
spit poison 1, AC +0
a: Spit Poison, End Transformation


You were on level 1 of the Dungeon.
You had grown temporary horns.
You visited 1 branch of the dungeon, and saw 1 of its levels.

You collected 44 gold pieces.

Inventory:

Armour
 a - a +0 robe (worn)
Scrolls
 b - a scroll of fear {unknown}
 c - 2 scrolls of blinking {unknown}
 d - 2 scrolls of identify {unknown}
 f - a scroll of fog {unknown}
Potions
 e - a potion of invisibility {unknown}
 g - a potion of stabbing {unknown}


   Skills:
 - Level 1.0 Fighting
 - Level 1.5 Dodging
 + Level 3.4 Unarmed Combat
 - Level 2.0 Spellcasting
 * Level 2.6 Transmutations


You had 4 spell levels left.
You knew the following spells:

 Your Spells              Type           Power        Failure   Level
a - Beastly Appendage     Tmut           #.....       9%          1

Your spell library contained the following spells:

 Spells                   Type           Power        Failure   Level
 Wereblood                Tmut           #.......     13%         2
 Spider Form              Tmut/Pois      #.........   41%         3
 Ice Form                 Ice/Tmut       #.......     82%         4
 Blade Hands              Tmut           #.........   93%         5


Dungeon Overview and Level Annotations

Branches:
Dungeon (1/15)

Altars:


Innate Abilities, Weirdness & Mutations

You cannot wear boots.
Your serpentine skin is tough. (AC +0)
You have supernaturally acute eyesight. (SInv)
Armour fits poorly on your strangely shaped body.
Your system is resistant to poisons. (rPois)
You cover ground very slowly.
You can spit poison.
You have a pair of horns on your head.


Message History

Aim: a goblin The splash of poison hits the goblin!
You kill the goblin!
Casting: Beastly Appendage (safe; 9% risk of failure)
Confirm with . or Enter, or press ? or * to list all spells.
You grow a pair of large bovine horns.
The hobgoblin hits you with a cursed -1 club.
* * * LOW HITPOINT WARNING * * *
You have got your breath back.
The hobgoblin closely misses you.
You hit the hobgoblin but do no damage. The hobgoblin barely misses you.
Your magical contamination has completely faded away.
You hit the hobgoblin but do no damage. You closely miss the hobgoblin.
Your headbutt misses the hobgoblin.
The hobgoblin hits you with a cursed -1 club.
* * * LOW HITPOINT WARNING * * *
You hit the hobgoblin.
The hobgoblin is moderately wounded.
The hobgoblin hits you with a cursed -1 club.
You die...

#####..........#.....#.#.#......
.###.......+.....#.#.#...... +
.. .......##.....#...#...... #
... #..######..^...##..#...... #
### #..# ####......##..#...... #
..#......###.#......
#+#####.#####.#...........
........##....#.##........
.......sg@...(#.##.>......
........##...##.##.....###
................##.....#
.......########.##.....# #######
#.....###'####
##########.........######
#.......##.....####......
#.......##.....# #......
#.......##.....# #......


You could see a giant cockroach and a hobgoblin.

Vanquished Creatures
  3 bats (D:1)
  2 giant cockroaches (D:1)
  2 goblins (D:1)
  4 hobgoblins (D:1)
  3 kobolds (D:1)
  3 rats (D:1)
17 creatures vanquished.

Notes
Turn   | Place    | Note
-------+----------+-------------------------------------------
     0 | D:1      | kae the Naga Transmuter began the quest for the Orb.
     0 | D:1      | Reached XP level 1. HP: 18/18 MP: 3/3
   334 | D:1      | Reached XP level 2. HP: 13/25 MP: 3/5
  1350 | D:1      | Slain by a hobgoblin

Illustrated notes

Levels and vault maps discovered:
D:1:      co_arrival_two_rings, layout_basic

Action                   || total
-------------------------++-------
Melee: Unarmed           ||    77
       Headbutt          ||     4
       Punch             ||     1
 Cast: Beastly Appendage ||    12
 Abil: Spit Poison       ||     4
Armor: Robe              ||    24
Dodge: Dodged            ||    56

Table legend: (Time is in decaauts)
 A = Elapsed time spent in this place.
 B = Non-inter-level travel time spent in this place.
 C = Inter-level travel time spent in this place.
 D = Time resting spent in this place.
 E = Time spent auto-exploring this place.
 F = Levels seen in this place.
 G = Mean time per level.
                   A        B        C        D        E       F      G
               +--------+--------+--------+--------+--------+-----+--------+
         Total |   1458 |   1458 |      0 |      9 |   1263 |   1 | 1458.0 |
       Dungeon |   1458 |   1458 |      0 |      9 |   1263 |   1 | 1458.0 |
               +--------+--------+--------+--------+--------+-----+--------+

Top non-repeatable levels by time:
     D:1: 1458 daAuts
